 Dungeon Crawl Stone Soup version 0.27.1-2-g3b301248ec (webtiles) character file.

Game seed: 1196942183157516727

39351 BobTheBalder the Agent of Entropy (level 14, -4/126 HPs)
             Began as a Hill Orc Abyssal Knight on Sept 28, 2021.
             Was a Priest of Lugonu.
             Slain by a thrashing horror (10 damage)
             ... summoned by Lugonu's corruption
             ... on level 15 of the Dungeon on Sept 29, 2021.
             The game lasted 01:50:31 (31076 turns).

BobTheBalder the Agent of Entropy (HOAK)           Turns: 31076, Time: 01:50:32

Health: -4/126     AC: 19    Str: 19    XL:     14   Next: 6%
Magic:  22/23      EV:  5    Int: 12    God:    Lugonu [***...]
Gold:   605        SH:  0    Dex: 14    Spells: 13/13 levels left

rFire    + . .     SeeInvis +   z - +12 dagger of the Coin {freeze, rF+ rC+ SInv}
rCold    + + +     Faith    .   h - +2 tower shield {rC+}
rNeg     . . .     Spirit   .   a - +0 plate armour
rPois    .         Reflect  .   r - +0 helmet
rElec    .         Harm     .   (no cloak)
rCorr    .         Rampage  .   b - +1 pair of gloves {Dex+3}
Will     ++...                  (no boots)
Stlth    ..........             I - amulet of Egib {RegenMP Slay+6}
HPRegen  0.31/turn              t - ring of protection from cold
MPRegen  0.43/turn              n - +4 ring of slaying

@: confused, lethally poisoned (-4 -> -38), ambrosia-drunk, hasted and slowed,
studying 3 skills
A: strong-willed 1
a: Renounce Religion, Depart the Abyss, Bend Space, Banish


You were on level 15 of the Dungeon.
You worshipped Lugonu.
Lugonu was most pleased with you.
You visited 2 branches of the dungeon, and saw 17 of its levels.
You visited the Abyss 1 time.
You also visited: Trove.

You collected 2266 gold pieces.
You spent 1661 gold pieces at shops.

Inventory:

Hand Weapons
 z - the +12 dagger of the Coin (weapon) {freeze, rF+ rC+ SInv}
   (You bought it in a shop on level 8 of the Dungeon)

   It freezes those it strikes, dealing additional cold damage.
   It can also slow down cold-blooded creatures.
   rF:        It protects you from fire.
   rC:        It protects you from cold.
   SInv:      It lets you see invisible.
Missiles
 m - 55 poisoned darts (quivered)
Armour
 a - a +0 plate armour (worn)
 b - a +1 pair of gloves of dexterity (worn)
 h - a +2 tower shield of cold resistance (worn)
 r - a +0 helmet (worn)
Jewellery
 i - an amulet of reflection
 j - an amulet of faith
 n - a +4 ring of slaying (right hand)
 t - a ring of protection from cold (left hand)
 I - the amulet of Egib (around neck) {RegenMP Slay+6}
   (You found it in a treasure trove)

   [amulet of magic regeneration]

   It increases your rate of magic regeneration.
   Slay:      It affects your accuracy & damage with ranged weapons and melee
   (+6).
 J - the ring "Gemait" {rPois rF+ SInv}
   (You found it in a treasure trove)

   [ring of see invisible]

   rF:        It protects you from fire.
   rPois:     It protects you from poison.
   SInv:      It lets you see invisible.
 K - the amulet of Gownoocw {+Blink rN+ Regen+ Int+2 Slay-6}
   (You found it in a treasure trove)

   [amulet of regeneration]

   Int:       It affects your intelligence (+2).
   Slay:      It affects your accuracy & damage with ranged weapons and melee
   (-6).
   rN:        It protects you from negative energy.
   +Blink:    It lets you blink.
   Regen:     It increases your rate of health regeneration.
Wands
 u - a wand of digging (13)
 w - a wand of paralysis (9)
 D - a wand of polymorph (7)
 M - a wand of acid (12)
 N - a wand of iceblast (8)
Scrolls
 d - a scroll of enchant weapon
 e - a scroll of fog
 o - 2 scrolls of amnesia
 p - 3 scrolls of teleportation
 v - 2 scrolls of magic mapping
 x - 3 scrolls of holy word
 y - 4 scrolls of identify
 C - a scroll of enchant armour
 F - 2 scrolls of vulnerability
 H - a scroll of summoning
 L - a scroll of silence
Potions
 g - 3 potions of ambrosia
 l - a potion of flight
 q - 2 potions of haste
 B - a potion of magic
 E - 4 potions of brilliance
Miscellaneous
 G - a phantom mirror (inert)


   Skills:
 + Level 12.1 Fighting
 + Level 10.5(10.6) Short Blades
 - Level 2.2(7.7) Long Blades
 - Level 3.1(6.8) Axes
 - Level 7.9(8.1) Maces & Flails
 + Level 11.0 Armour
 - Level 6.8 Dodging
 * Level 8.9 Shields
 + Level 12.7 Invocations


You had 13 spell levels left.
You didn't know any spells.
Your spell library contained the following spells:

 Spells                   Type           Power      Damage    Failure   Level
 Animate Skeleton         Necr           0%         N/A       100%        1
 Apportation              Tloc           0%         N/A       100%        1
 Corona                   Hex            0%         N/A       100%        1
 Summon Small Mammal      Summ           0%         N/A       100%        1
 Corpse Rot               Necr/Air       N/A        N/A       100%        2
 Ensorcelled Hibernation  Hex/Ice        0%         N/A       100%        2
 Passwall                 Tmut/Erth      0%         N/A       100%        2
 Static Discharge         Conj/Air       0%         N/A       100%        2
 Call Canine Familiar     Summ           0%         N/A       100%        3
 Dazzling Flash           Conj/Hex       0%         N/A       100%        3
 Frozen Ramparts          Ice            0%         1d2       100%        3
 Gell's Gravitas          Tloc           0%         N/A       100%        3
 Lesser Beckoning         Tloc           0%         N/A       100%        3
 Mephitic Cloud           Conj/Pois/Air  0%         N/A       100%        3
 Portal Projectile        Hex/Tloc       0%         N/A       100%        3
 Swiftness                Air            0%         N/A       100%        3
 Teleport Other           Tloc           0%         N/A       100%        3
 Tukima's Dance           Hex            0%         N/A       100%        3
 Animate Dead             Necr           0%         N/A       100%        4
 Hailstorm                Conj/Ice       0%         3d3       100%        4
 Ice Form                 Ice/Tmut       0%         N/A       100%        4
 Leda's Liquefaction      Hex/Erth       0%         N/A       100%        4
 Summon Ice Beast         Ice/Summ       0%         N/A       100%        4
 Agony                    Necr           0%         N/A       100%        5
 Conjure Ball Lightning   Conj/Air       0%         3x3d6     100%        6
 Invisibility             Hex            0%         N/A       100%        6
 Iron Shot                Conj/Erth      0%         9d1       100%        6
 Simulacrum               Ice/Necr       0%         N/A       100%        6
 Infestation              Necr           0%         N/A       100%        8


Dungeon Overview and Level Annotations

Branches:
Dungeon (15/15)            Temple (0/1) D:4            Lair (0/6) D:11
    Orc (2/2) D:9          Vaults (0/5) D:14
    Elf: Orc:2       Depths: D:15

Altars:
Gozag
Sif Muna
Yredelemnul

Shops:
D:4 ([::?   D:8 (   D:11 [**   D:12 (

Annotations:
D:4 2 exclusions, Menkaure
D:6 1 runed translucent door, Stajl's ghost, novice TrMo
D:8 exclusion: downstairs
D:9 exclusion: downstairs
D:15 corrupted
Abyss:1 Psyche


Innate Abilities, Weirdness & Mutations

You are strong-willed. (Will+)


Message History

You can no longer corrupt the fabric of space.
You feel extremely sick.
The death drake bites the thrashing horror.
The efreet hits something with a +2 scimitar of flaming!!
The efreet burns something!
The orc warrior is engulfed in blazing flames.
The death drake bites the thrashing horror.
You feel yourself speed up.
You feel extremely sick.
The orc warrior no longer looks unusually strong.
The thrashing horror tramples you but does no damage.
You block the thrashing horror's attack.
The thrashing horror tramples you but does no damage. x2
The death drake bites the thrashing horror.
The efreet misses the ynoxinul.
The thrashing horror closely misses the death drake.
The thrashing horror barely misses the death drake.
The small abomination hits the efreet.
The small abomination hits the death drake!
The tentacled starspawn bites you!!
* * * LOW HITPOINT WARNING * * *
You block the tentacled starspawn's attack.
The ynoxinul gestures.
The death drake breathes miasma at you.
The foul vapour engulfs the thrashing horror.
The thrashing horror completely resists.
The efreet hits something with a +2 scimitar of flaming.
The blink frog hits the orc warrior but does no damage.
The orc warrior is engulfed in blazing flames.
You are confused.
You feel invigorated.
You are engulfed in dark miasma.
You are more poisoned.
* * * LOW HITPOINT WARNING * * *
x2 You feel extremely sick.
The thrashing horror misses the death drake.
The thrashing horror closely misses the death drake.
Something misses the death drake.
Something barely misses the death drake.
The fire bat closely misses the orc warrior.
The thrashing horror tramples you!
You die...

#.
#.xx#####
#)W5.°@3#
#X#x#X#X5#
# #.##kx#
#o### #3##
o. #R#
#.##.##ox
#....o)bF
#......)[.
#......○.#


You could see a death drake (catching breath), an efreet, an orc warrior, a
neutral tentacled starspawn (summoned, wandering), 2 neutral thrashing horrors,
a neutral blink frog (summoned), a neutral neqoxec (summoned), a neutral
ynoxinul (summoned), 5 neutral small abominations, a neutral shadow (summoned),
a neutral fire bat (summoned) and 2 neutral ufetubi.

Vanquished Creatures
  An orc warlord (D:9)
  Fannar (D:10)
  Josephine (D:12)
  A hydra (D:11)
  A death knight (D:13)
  2 boulder beetles
  2 centaur warriors
  Erica (D:11)
  3 two-headed ogres
  A tengu warrior (D:13)
  Nergalle (D:9)
  2 skeletal warriors
  Pikel (D:7)
  5 ugly things (D:13)
  4 orc knights
  2 deep elf pyromancers
  2 manticores (D:11)
  2 orc sorcerers
  A moth of wrath (shapeshifter) (D:14)
  A cyclops (shapeshifter) (D:14)
  7 cyclopes
  2 gargoyles
  3 unseen horrors
  2 kobold demonologists (D:13)
  A komodo dragon (D:12)
  A freezing wraith (D:14)
  A tengu conjurer (D:14)
  3 trolls
  A hornet (D:11)
  A wind drake (shapeshifter) (D:14)
  Prince Ribbit (D:8)
  A slime creature (D:6)
  Grinder (D:5)
  A wyvern (D:9)
  Sigmund (D:4)
  2 shadows
  5 wraiths
  A basilisk (D:12)
  6 yaks
  Edmund (D:4)
  4 wargs (Orc:1)
  A water moccasin (D:7)
  2 sky beasts
  A black bear (D:8)
  23 orc warriors
  2 ice beasts
  5 ogres
  9 centaurs
  A lemure (D:8)
  2 kobold brigands (D:13)
  5 bullfrogs
  A scorpion (D:6)
  A wyvern zombie (D:8)
  A water moccasin zombie (D:7)
  25 killer bees
  13 wights
  A howler monkey (D:6)
  2 electric eels (D:9)
  4 centaur zombies
  15 orc priests
  4 hounds
  4 jellies
  2 centaur skeletons
  Crazy Yiuf (D:4)
  Jessica (D:3)
  6 iguanas
  17 orc wizards
  Natasha (twice) (D:3)
  2 killer bee zombies
  Robin (D:3)
  A howler monkey skeleton (D:5)
  5 adders
  3 white imps
  A worm (D:4)
  4 dart slugs
  65 orcs
  7 ball pythons
  6 bats
  11 giant cockroaches
  17 goblins
  18 hobgoblins
  10 jackals
  4 quokkas
  4 frilled lizards
  15 kobolds
  4 rats
410 creatures vanquished.

Vanquished Creatures (collateral kills)
  2 orcs (D:15)
2 creatures vanquished.

Vanquished Creatures (others)
  An orc wizard (D:15)
1 creature vanquished.

Grand Total: 413 creatures vanquished

Notes
Turn   | Place    | Note
-------+----------+-------------------------------------------
     0 | Abyss:1  | BobTheBalder the Hill Orc Abyssal Knight began the quest
                  | for the Orb.
     0 | Abyss:1  | Reached XP level 1. HP: 19/19 MP: 2/2
     0 | D:1      | Escaped the Abyss
   126 | D:1      | Reached skill level 1 in Dodging
   126 | D:1      | Reached XP level 2. HP: 26/27 MP: 3/3
   165 | D:1      | Found a faded altar of an unknown god.
   279 | D:1      | Reached * piety under Lugonu
   561 | D:1      | Found a shimmering blue altar of Sif Muna.
   909 | D:1      | Reached XP level 3. HP: 33/33 MP: 5/5
  1716 | D:1      | Reached skill level 1 in Short Blades
  1722 | D:2      | Reached XP level 4. HP: 39/40 MP: 6/6
  1723 | D:2      | Gained mutation: You are strong-willed. (Will+) [potion of
                  | mutation]
  1757 | D:2      | Found a basalt altar of Yredelemnul.
  1805 | D:2      | Reached ** piety under Lugonu
  2343 | D:3      | Noticed Robin
  2707 | D:3      | Noticed Jessica
  2712 | D:3      | Killed Jessica
  2713 | D:3      | Reached XP level 5. HP: 47/47 MP: 7/7
  2902 | D:3      | Killed Robin
  3198 | D:3      | Identified a scroll of acquirement
  3198 | D:3      | Acquired a +1 pair of gloves of dexterity
  3340 | D:3      | Noticed Natasha
  3345 | D:3      | Killed Natasha
  3543 | D:3      | Noticed Natasha
  3553 | D:3      | Killed Natasha
  3554 | D:3      | Reached XP level 6. HP: 50/53 MP: 7/9
  3607 | D:4      | Found Duinix's Book Shoppe.
  3607 | D:4      | Found Paceocu's Antique Weapon Shop.
  3609 | D:4      | Found Eparip's Armour Boutique.
  3612 | D:4      | Found Hylomag's Magic Scroll Shoppe.
  3612 | D:4      | Found Kielen's Book Shop.
  3632 | D:4      | Bought a scroll of enchant weapon for 82 gold pieces
  3816 | D:4      | Noticed Menkaure
  4573 | D:4      | Found a staircase to the Ecumenical Temple.
  4741 | D:4      | Reached *** piety under Lugonu
  5007 | D:4      | Reached skill level 5 in Fighting
  5007 | D:4      | Reached XP level 7. HP: 55/61 MP: 10/10
  5134 | D:4      | Found a runed translucent door.
  5135 | D:4      | Noticed Crazy Yiuf
  5239 | D:4      | Noticed Sigmund
  5253 | D:4      | Killed Sigmund
  5254 | D:4      | Reached skill level 1 in Long Blades
  5364 | D:4      | Noticed Edmund
  6097 | D:4      | Killed Edmund
  6098 | D:4      | Reached skill level 5 in Invocations
  6488 | D:4      | Killed Crazy Yiuf
  6542 | D:5      | Entered Level 5 of the Dungeon
  6833 | D:4      | Reached skill level 1 in Maces & Flails
  7058 | D:5      | Reached XP level 8. HP: 68/69 MP: 11/11
  7923 | D:5      | Noticed Grinder
  7940 | D:5      | Paralysed by Grinder for 7 turns
  8002 | D:5      | Killed Grinder
  8003 | D:5      | Reached skill level 5 in Armour
  8410 | D:6      | Found a runed translucent door.
  8416 | D:6      | Noticed Stajl's ghost (novice TrMo)
  8658 | D:6      | Reached XP level 9. HP: 51/78 MP: 13/13
  9108 | D:6      | Reached skill level 5 in Maces & Flails
 10397 | D:7      | Noticed a troll
 10675 | D:6      | Banished a troll
 10676 | D:6      | Reached XP level 10. HP: 54/86 MP: 5/15
 11126 | D:7      | Acquired 700 gold pieces
 11171 | D:8      | Noticed Psyche
 11174 | D:8      | Banished Psyche
 11238 | D:8      | Noticed Pikel
 11254 | D:7      | Killed Pikel
 11411 | D:8      | Reached skill level 5 in Dodging
 12082 | D:8      | Found Yckoaduu's Weapon Shoppe.
 12288 | D:8      | Noticed Prince Ribbit
 12318 | D:8      | Killed Prince Ribbit
 12571 | D:8      | Found an opulent altar of Gozag.
 15448 | D:8      | Reached skill level 5 in Short Blades
 15633 | D:9      | Reached XP level 11. HP: 91/95 MP: 17/17
 15946 | D:8      | Bought the +12 dagger of the Coin {freeze, rF+ rC+ SInv}
                  | for 1243 gold pieces
 16205 | D:9      | Noticed a two-headed ogre
 16597 | D:9      | Killed a two-headed ogre
 17177 | D:9      | Found a staircase to the Orcish Mines.
 17464 | Orc:1    | Entered Level 1 of the Orcish Mines
 17620 | Orc:1    | Noticed a two-headed ogre
 17793 | Orc:1    | Banished a two-headed ogre
 19162 | Orc:1    | Noticed an orc knight
 19361 | Orc:1    | Killed an orc knight
 19362 | Orc:1    | Reached skill level 10 in Invocations
 19678 | Orc:1    | Noticed an orc knight
 19776 | Orc:1    | Noticed an orc sorcerer
 19787 | Orc:1    | Paralysed by an orc sorcerer for 3 turns
 19815 | Orc:1    | Killed an orc sorcerer
 19815 | Orc:1    | Reached **** piety under Lugonu
 20257 | Orc:1    | Noticed Nergalle
 20568 | D:9      | Killed Nergalle
 20613 | Orc:1    | Noticed an orc warlord
 20651 | D:9      | Killed an orc warlord
 20652 | D:9      | Reached skill level 10 in Fighting
 20652 | D:9      | Reached XP level 12. HP: 69/106 MP: 19/19
 22199 | Orc:1    | Noticed an orc warlord
 22269 | D:9      | Banished an orc warlord
 22567 | Orc:1    | Got the Disquisition on Stolen Souls and Arcane Weapons
 22788 | Orc:2    | Entered Level 2 of the Orcish Mines
 23459 | D:10     | Entered Level 10 of the Dungeon
 23468 | D:9      | Reached skill level 1 in Shields
 24418 | D:11     | Noticed Erica
 24437 | D:11     | Killed Erica
 24475 | D:11     | Found a staircase to the Lair.
 24574 | D:11     | Found Raxeag's General Store.
 24670 | D:11     | Found Giwiarr's General Store.
 24789 | D:11     | Found Plog's Armour Shoppe.
 24792 | D:11     | Paralysed by a hornet for 2 turns
 24913 | D:11     | Noticed a two-headed ogre
 24915 | D:11     | Noticed a five-headed hydra
 24948 | D:11     | Killed a two-headed ogre
 24983 | D:11     | Killed a five-headed hydra
 25341 | D:11     | Noticed Fannar
 25379 | D:10     | Killed Fannar
 25380 | D:10     | Reached skill level 10 in Armour
 25380 | D:10     | Reached XP level 13. HP: 98/116 MP: 21/21
 25476 | D:12     | Found Zelug's Firing Range.
 25502 | D:12     | Noticed Josephine
 25531 | D:12     | Killed Josephine
 25532 | D:12     | Reached skill level 5 in Shields
 25912 | D:12     | Found a portal to a secret trove of treasure.
 25959 | D:11     | Bought a scroll of blinking for 112 gold pieces
 25976 | D:11     | Bought a scroll of vulnerability for 112 gold pieces
 27663 | D:13     | Reached skill level 10 in Short Blades
 27754 | D:11     | Bought a scroll of blinking for 112 gold pieces
 29762 | D:12     | You paid a toll of 5 scrolls of blinking to enter a
                  | treasure trove
 29763 | Trove    | Entered a treasure trove
 29785 | Trove    | Identified the amulet of Egib {RegenMP Slay+6}
 29787 | Trove    | Identified the ring "Gemait" {rPois rF+ SInv}
 29789 | Trove    | Identified the amulet of Gownoocw {+Blink rN+ Regen+ Int+2
                  | Slay-6}
 29814 | Trove    | Got Sif Muna's Tome of Black Rituals and Battle Magic
 30515 | D:14     | Reached XP level 14. HP: 121/126 MP: 23/23
 30720 | D:14     | Found a gate to the Vaults.
 31057 | D:15     | Entered Level 15 of the Dungeon
 31074 | D:15     | Corrupted D:15
 31074 | D:15     | Noticed a tentacled starspawn
 31075 | D:15     | Noticed a lorocyproca
 31076 | D:15     | HP: 6/126 [poisoned by a death drake (dark miasma)]
 31076 | D:15     | Slain by a thrashing horror

Illustrated notes

Levels and vault maps discovered:
D:1:      psy_arrival_radial02, layout_loops_corners,
          shapermc_ecumenical_altar_starsandcircs, kennysheep_flooded_box
D:2:      minmay_skewed_foursquare, layout_rooms, basic_altar
D:3:      layout_basic, uniq_jessica, uniq_robin, uniq_natasha
D:4:      minmay_bubble_buster, layout_basic, temple_fountains,
          nicolae_wooded_promenade, sigmund_edmund_badplayer, uniq_menkaure,
          uniq_crazy_yiuf_cottage
D:5:      layout_rooms, uniq_grinder
D:6:      layout_rooms, ebering_ghost_reflecting_pool
D:7:      layout_rooms, minmay_small_thing
D:8:      layout_gridville, nicolae_gozag_cash_rules_everything_around_me,
          serial_shops, nicolae_shop_statue_plus, uniq_psyche,
          uniq_prince_ribbit1, uniq_pikel
D:9:      layout_gridville, erik_orc_2, enter_bailey_3
D:10:     layout_cross
D:11:     layout_basic, lair_entry_dummy, serial_shops, shop, shop,
          kennysheep_little_box, uniq_fannar, uniq_erica
D:12:     layout_grid_maze, nicolae_trove_entry_isolated,
          nicolae_shop_firing_range, uniq_josephine
D:13:     layout_roguey
D:14:     layout_grid_maze, david_vaults_2, skrybe_limestone_x
D:15:     grunt_enter_depths_hoard, layout_loops_corners,
          minmay_misc_feat_encased, makhleb_altar_promises_db, uniq_jorgrun,
          uniq_kirke, uniq_louise, uniq_rupert
Orc:1:    layout_caves, special_room [special_room_bee], minmay_orc_treasury,
          uniq_nergalle
Orc:2:    pf_orc_diabolical, layout_caves, ebering_ghost_gozag,
          guppyfry_library_mini

Skill      XL: |  1  2  3  4  5  6  7  8  9 10 11 12 13 14 |
---------------+-------------------------------------------+-----
Dodging        | 1 2 3 4 5 6 |  6.8
Axes           | 3 |  3.1
Fighting       | 4 5 6 7 8 10 11 12 | 12.1
Invocations    | 3 4 5 6 7 9 10 11 12 | 12.7
Short Blades   | 1 2 3 5 7 9 10 | 10.5
Armour         | 3 4 5 6 7 8 10 11 | 11.0
Long Blades    | 2 |  2.2
Maces & Flails | 1 4 7 |  7.9
Shields        | 4 8 |  8.9

Action                   |  1- 3 |  4- 6 |  7- 9 | 10-12 | 13-15 || total
-------------------------+-------+-------+-------+-------+-------++-------
Melee: Hand axe          |    88 |       |       |       |       ||    88
       Dagger            |    53 |   220 |     4 |   529 |   379 ||  1185
       Falchion          |       |       |    58 |       |       ||    58
       Flail             |       |       |   337 |   343 |       ||   680
Throw: Dart              |       |    20 |    55 |    81 |       ||   156
Invok: Depart the Abyss  |     1 |       |       |       |       ||     1
       Bend Space        |       |     5 |    12 |    25 |    11 ||    53
       Banish            |       |       |     5 |    10 |       ||    15
       Corrupt           |       |       |       |       |     1 ||     1
Evoke: Phantom mirror    |       |       |       |       |     2 ||     2
       Wand              |       |       |       |       |     1 ||     1
  Use: Scroll            |     4 |     7 |     1 |    11 |     3 ||    26
       Potion            |       |     1 |     6 |     3 |     8 ||    18
 Stab: Invisible         |       |       |     4 |       |       ||     4
Armor: Leather armour    |    50 |    23 |       |       |       ||    73
       Plate armour      |       |    67 |   313 |   470 |    89 ||   939
       Ring mail         |       |     4 |       |       |       ||     4
       Skin              |       |       |       |    36 |       ||    36
Dodge: Dodged            |    93 |    67 |    94 |   215 |    31 ||   500
Block: Other             |     9 |    48 |    87 |   158 |       ||   302
       Reflection        |     1 |     3 |     3 |     7 |    31 ||    45
       Tower shield      |       |       |       |   187 |   311 ||   498
       Rpst.: Falchion   |       |       |     4 |       |       ||     4
